Connexion

Crunch vs Heat

Created - 11 décembre 2023 at 06:04

Goals
1 2 3 T
Crunch 5 2 1 8
Heat 1 4 1 6
Shots
1 2 3 T
Crunch 21 14 8 43
Heat 10 14 20 44

GoalsPenalties
1st period
1. Crunch , Paul Bittner 5 (Kody Clark 17) at 3:29
2. Crunch , Jean-Christophe Beaudin 21 (Jaycob Megna 16, Blaine Byron 26) at 7:14
3. Crunch , Kody Clark 16 (Patrick Harper 17, Austin Strand 18) at 11:23
4. Crunch , Paul Bittner 6 (Kody Clark 18, Mikko Kokkonen 8) at 14:20
5. Heat , Aidan McDonough 14 (Cole Schneider 8, Greg McKegg 11) at 14:26
6. Crunch , Austin Strand 8 (Jaycob Megna 17) at 17:14 (PP)
Jacob Bryson (STO) for Hooking (Minor) at 11:39
Steven Oleksy (STO) for Roughing (Minor) at 11:44
Jordan Subban (STO) for Hooking (Minor) at 15:30
Jean-Gabriel Pageau (SYR) for Tripping (Minor) at 18:14
2nd period
7. Heat , Brett Leason 12 (Mathieu Joseph 39, Steven Oleksy 21) at 3:37
8. Crunch , Thomas Tynan 21 (Blaine Byron 27, Mikko Kokkonen 9) at 3:57
9. Heat , Greg McKegg 16 (Aidan McDonough 23, Jacob Bryson 29) at 6:49 (PP)
10. Crunch , Jaycob Megna 6 (Blaine Byron 28, Thomas Tynan 28) at 13:26 (PP)
11. Heat , Greg McKegg 17 (Aidan McDonough 24) at 15:04
12. Heat , Nathan Smith 22 (Mathieu Joseph 40, Steven Oleksy 22) at 17:13 (PP)
Jaycob Megna (SYR) for Slashing (Minor) at 6:23
Steven Oleksy (STO) for High sticking (Minor) at 12:41
Jaycob Megna (SYR) for Tripping (Minor) at 15:39
Jaycob Megna (SYR) for High sticking (Minor) at 17:21
3rd period
13. Crunch , Aaron Luchuk 4 (Jaycob Megna 18, Austin Strand 19) at 3:44
14. Heat , Tyce Thompson 14 (Egor Sokolov 9, Tarmo Reunanen 32) at 4:12
No Penalty
Goalie Stats
Anthony Stolarz (SYR), 38 saves from 44 shots - (0,864), W, 25-16-3, 60:00 minutes
Matthew Galajda (STO), 11 saves from 15 shots - (0,733), 14:20 minutes
Jake Paterson (STO), 24 saves from 28 shots - (0,857), L, 6-2-1, 45:40 minutes
3 StarsOfficial
1 - Paul Bittner (SYR)
2 - Austin Strand (SYR)
3 - Kody Clark (SYR)
Referees : Paul Devorski and Marcus Vinnerberg
Linesman : Scott Driscoll and Derek Amell
Game Note
Jake Paterson enters game at 14:20 of 1st period
Finance
Level 1 -- Attendance: 1835 (91,75%) -- Ticket Income $64,225
Level 2 -- Attendance: 1000 (100,00%) -- Ticket Income $15,000
Total Attendance: 2835 (94,50%)
Total Ticket Income: $79,225
Other Income: $15,845
Total Income: $95,070



Team Name Goals Shots Shots Attemp Shots Blocked PIM HIT PP PK FO%
Crunch 84372128222 / 4 (50%)255%
Heat 6449078232 / 4 (50%)245%

Crunch
Player Name POS G A P +/- PIM HIT SHT SB MP PP MP PP SHT PK MP PK SHT FO% FOT
Aaron LuchukC101000104:540:0000:00011% 9
Austin StrandD1231012426:082:1912:4600% 0
Axel AnderssonD000-2003122:232:1433:1500% 0
Blaine ByronC/LW0330022017:502:2910:4900% 1
Connor CorcoranD000-2032122:202:1413:1200% 0
Garnet HathawayRW000000006:190:0001:25060% 5
Jaycob MegnaD1341653224:162:1910:5700% 0
Jean-Christophe BeaudinC/RW1010014018:122:2911:1100% 1
Jean-Gabriel PageauC0000257026:442:0412:42166% 41
Kody ClarkRW1232003012:580:0000:000100% 2
Mason ShawC/LW0000004219:402:0420:310100% 1
Mike VecchioneC/RW0000001020:202:0401:1100% 0
Mikko KokkonenD0223010011:320:0000:0000% 0
Nicolas Aube-KubelRW000000000:000:0000:0000% 0
Patrick HarperC/LW0112017012:580:0000:00041% 17
Paul BittnerLW2022012012:580:0000:0000% 1
Thomas TynanC1120001021:082:2904:07063% 32
Xavier BouchardD0003021213:180:0001:4600% 0
Heat
Player Name POS G A P +/- PIM HIT SHT SB MP PP MP PP SHT PK MP PK SHT FO% FOT
Aidan McDonoughLW123-1015022:463:1502:140100% 1
Artur KayumovLW/RW000000002:290:0000:000100% 1
Brett LeasonRW1010017020:562:4300:5100% 1
Brinson PasichnukD0000001124:282:5302:5800% 0
Cole SchneiderLW/RW011-1003020:323:1500:0000% 2
Egor SokolovLW/RW011-1024012:210:0000:0000% 0
Greg McKeggC/LW/RW213-1035020:323:1520:00064% 33
Jacob BrysonD011-2221022:033:0500:5200% 0
Jan JenikC/RW000001002:290:0000:0000% 3
Jesper LindgrenD0000020013:320:0000:4700% 0
John Albert C000000000:000:0000:0000% 0
Jordan SubbanD0000211014:300:0001:4600% 0
Kyle CriscuoloC/RW000-1013012:210:0000:00052% 23
Mathieu JosephLW/RW0220015225:452:4303:1108% 12
Nathan SmithC1010024020:562:4310:51034% 32
Steven OleksyD0220440022:302:5301:0100% 0
Tarmo ReunanenD011-2013422:533:0501:4100% 0
Tyce ThompsonRW101-1012012:260:0000:050100% 2



Play-by-Play

1st period


0:01 of 1st period - Jean-Gabriel Pageau wins face-off versus Nathan Smith in neutral zone.
0:19 of 1st period - Icing by Austin Strand.
0:20 of 1st period - Greg McKegg wins face-off versus Jean-Gabriel Pageau in Crunch zone.
0:34 of 1st period - Shot by Aidan McDonough.
0:34 of 1st period - Shot Blocked by Jaycob Megna.
1:42 of 1st period - Shot by Tyce Thompson.
1:42 of 1st period - Shot Blocked by Mason Shaw.
1:44 of 1st period - Shot by Kyle Criscuolo.
1:44 of 1st period - Shot Misses the Net.
1:51 of 1st period - Icing by Jaycob Megna.
1:52 of 1st period - Nathan Smith wins face-off versus Jean-Gabriel Pageau in Crunch zone.
2:05 of 1st period - Shot by Nathan Smith.
2:05 of 1st period - Deflect By Mathieu Joseph.
2:05 of 1st period - Stopped by Anthony Stolarz with a rebound.
2:53 of 1st period - Jacob Bryson is hit by Blaine Byron and loses puck.
3:21 of 1st period - Icing by Jacob Bryson.
3:22 of 1st period - Kody Clark wins face-off versus Greg McKegg in Heat zone.
3:29 of 1st period - Shot by Paul Bittner.
3:29 of 1st period - Goal by Paul Bittner - Crunch : 1 - Heat : 0.
3:30 of 1st period - Kyle Criscuolo wins face-off versus Patrick Harper in neutral zone.
3:42 of 1st period - Shot by Kody Clark.
3:42 of 1st period - Shot Misses the Net.
3:44 of 1st period - Shot by Patrick Harper.
3:44 of 1st period - Stopped by Matthew Galajda without a rebound.
3:45 of 1st period - Thomas Tynan wins face-off versus Jan Jenik in Heat zone.
3:54 of 1st period - Jean-Christophe Beaudin is hit by Jan Jenik and loses puck.
4:57 of 1st period - Shot by Patrick Harper.
4:57 of 1st period - Stopped by Matthew Galajda with a rebound.
5:05 of 1st period - Shot by Kyle Criscuolo.
5:05 of 1st period - Shot Misses the Net.
5:59 of 1st period - Shot by Greg McKegg.
5:59 of 1st period - Shot Misses the Net.
6:01 of 1st period - Shot by Greg McKegg.
6:01 of 1st period - Stopped by Anthony Stolarz without a rebound.
6:02 of 1st period - Nathan Smith wins face-off versus Thomas Tynan in Crunch zone.
6:07 of 1st period - Shot by Brett Leason.
6:07 of 1st period - Stopped by Anthony Stolarz without a rebound.
6:08 of 1st period - Thomas Tynan wins face-off versus Nathan Smith in Crunch zone.
6:16 of 1st period - Icing by Tarmo Reunanen.
6:17 of 1st period - Patrick Harper wins face-off versus Nathan Smith in Heat zone.
6:32 of 1st period - Shot by Patrick Harper.
6:32 of 1st period - Stopped by Matthew Galajda with a rebound.
6:34 of 1st period - Shot by Paul Bittner.
6:34 of 1st period - Shot Blocked by Mathieu Joseph.
7:04 of 1st period - Shot by Jean-Christophe Beaudin.
7:04 of 1st period - Deflect By Blaine Byron.
7:04 of 1st period - Shot Misses the Net.
7:06 of 1st period - Shot by Blaine Byron.
7:06 of 1st period - Shot Blocked by Tarmo Reunanen.
7:08 of 1st period - Shot by Blaine Byron.
7:08 of 1st period - Shot Misses the Net.
7:10 of 1st period - Shot by Blaine Byron.
7:10 of 1st period - Shot Misses the Net.
7:12 of 1st period - Shot by Jaycob Megna.
7:12 of 1st period - Shot Misses the Net.
7:14 of 1st period - Shot by Jean-Christophe Beaudin.
7:14 of 1st period - Goal by Jean-Christophe Beaudin - Crunch : 2 - Heat : 0.
7:15 of 1st period - Garnet Hathaway wins face-off versus Greg McKegg in neutral zone.
7:29 of 1st period - Garnet Hathaway is hit by Steven Oleksy and loses puck.
7:39 of 1st period - Icing by Axel Andersson.
7:40 of 1st period - Kyle Criscuolo wins face-off versus Aaron Luchuk in Crunch zone.
7:40 of 1st period - Kyle Criscuolo is hit by Connor Corcoran.
7:51 of 1st period - Icing by Connor Corcoran.
7:52 of 1st period - Aaron Luchuk wins face-off versus Greg McKegg in Crunch zone.
7:52 of 1st period - Jean-Gabriel Pageau is hit by Greg McKegg and loses puck.
8:25 of 1st period - Shot by Aidan McDonough.
8:25 of 1st period - Shot Misses the Net.
8:27 of 1st period - Shot by Aidan McDonough.
8:27 of 1st period - Stopped by Anthony Stolarz without a rebound.
8:28 of 1st period - Thomas Tynan wins face-off versus Nathan Smith in Crunch zone.
8:59 of 1st period - Shot by Nathan Smith.
8:59 of 1st period - Shot Misses the Net.
9:01 of 1st period - Shot by Mathieu Joseph.
9:01 of 1st period - Shot Misses the Net.
9:03 of 1st period - Shot by Jordan Subban.
9:03 of 1st period - Stopped by Anthony Stolarz without a rebound.
9:04 of 1st period - Patrick Harper wins face-off versus Kyle Criscuolo in Crunch zone.
9:32 of 1st period - Shot by Kyle Criscuolo.
9:32 of 1st period - Shot Misses the Net.
9:34 of 1st period - Shot by Kyle Criscuolo.
9:34 of 1st period - Shot Misses the Net.
9:36 of 1st period - Shot by Tarmo Reunanen.
9:36 of 1st period - Stopped by Anthony Stolarz without a rebound.
9:37 of 1st period - Jean-Gabriel Pageau wins face-off versus Greg McKegg in Crunch zone.
10:00 of 1st period - Shot by Jean-Gabriel Pageau.
10:00 of 1st period - Shot Misses the Net.
10:02 of 1st period - Shot by Austin Strand.
10:02 of 1st period - Stopped by Matthew Galajda with a rebound.
10:04 of 1st period - Shot by Jaycob Megna.
10:04 of 1st period - Stopped by Matthew Galajda without a rebound.
10:05 of 1st period - Thomas Tynan wins face-off versus Nathan Smith in Heat zone.
11:23 of 1st period - Shot by Kody Clark.
11:23 of 1st period - Goal by Kody Clark - Crunch : 3 - Heat : 0.
11:24 of 1st period - Jean-Gabriel Pageau wins face-off versus Kyle Criscuolo in neutral zone.
11:27 of 1st period - Shot by Xavier Bouchard.
11:27 of 1st period - Stopped by Matthew Galajda with a rebound.
11:29 of 1st period - Shot by Jean-Gabriel Pageau.
11:29 of 1st period - Stopped by Matthew Galajda with a rebound.
11:31 of 1st period - Shot by Jean-Gabriel Pageau.
11:31 of 1st period - Stopped by Matthew Galajda without a rebound.
11:32 of 1st period - Jean-Gabriel Pageau wins face-off versus Kyle Criscuolo in Heat zone.
11:32 of 1st period - Jean-Gabriel Pageau is hit by Jacob Bryson.
11:37 of 1st period - Mason Shaw is hit by Tarmo Reunanen and loses puck.
11:39 of 1st period - Minor Penalty to Jacob Bryson for Hooking.
11:40 of 1st period - Jean-Gabriel Pageau wins face-off versus Mathieu Joseph in Heat zone.
11:40 of 1st period - Austin Strand is hit by Steven Oleksy and loses puck.
11:44 of 1st period - Minor Penalty to Steven Oleksy for Roughing.
11:45 of 1st period - Jean-Gabriel Pageau wins face-off versus Mathieu Joseph in Heat zone.
11:50 of 1st period - Shot by Mason Shaw.
11:50 of 1st period - Stopped by Matthew Galajda with a rebound.
11:52 of 1st period - Shot by Jean-Gabriel Pageau.
11:52 of 1st period - Shot Misses the Net.
11:54 of 1st period - Shot by Jean-Gabriel Pageau.
11:54 of 1st period - Shot Misses the Net.
11:56 of 1st period - Shot by Jean-Gabriel Pageau.
11:56 of 1st period - Shot Misses the Net.
11:58 of 1st period - Shot by Jaycob Megna.
11:58 of 1st period - Shot Misses the Net.
12:00 of 1st period - Shot by Jaycob Megna.
12:00 of 1st period - Shot Blocked by Mathieu Joseph.
12:02 of 1st period - Shot by Jean-Gabriel Pageau.
12:02 of 1st period - Stopped by Matthew Galajda without a rebound.
12:03 of 1st period - Thomas Tynan wins face-off versus Mathieu Joseph in Heat zone.
12:08 of 1st period - Shot by Connor Corcoran.
12:08 of 1st period - Deflect By Blaine Byron.
12:08 of 1st period - Shot Misses the Net.
12:18 of 1st period - Shot by Axel Andersson.
12:18 of 1st period - Shot Misses the Net.
12:28 of 1st period - Shot by Blaine Byron.
12:28 of 1st period - Stopped by Matthew Galajda without a rebound.
12:29 of 1st period - Jean-Gabriel Pageau wins face-off versus Mathieu Joseph in Heat zone.
14:05 of 1st period - Paul Bittner is hit by Tyce Thompson and loses puck.
14:20 of 1st period - Shot by Paul Bittner.
14:20 of 1st period - Goal by Paul Bittner - Crunch : 4 - Heat : 0.
14:20 of 1st period - Jake Paterson enters game.
14:21 of 1st period - Greg McKegg wins face-off versus Aaron Luchuk in neutral zone.
14:24 of 1st period - Shot by Cole Schneider.
14:24 of 1st period - Shot Blocked by Connor Corcoran.
14:26 of 1st period - Shot by Aidan McDonough.
14:26 of 1st period - Goal by Aidan McDonough - Crunch : 4 - Heat : 1.
14:27 of 1st period - Greg McKegg wins face-off versus Blaine Byron in neutral zone.
14:55 of 1st period - Shot by Aidan McDonough.
14:55 of 1st period - Shot Blocked by Austin Strand.
15:05 of 1st period - Shot by Cole Schneider.
15:05 of 1st period - Shot Misses the Net.
15:26 of 1st period - Mason Shaw is hit by Jordan Subban and loses puck.
15:30 of 1st period - Minor Penalty to Jordan Subban for Hooking.
15:31 of 1st period - Jean-Gabriel Pageau wins face-off versus Mathieu Joseph in Heat zone.
15:42 of 1st period - Shot by Mike Vecchione.
15:42 of 1st period - Shot Blocked by Tarmo Reunanen.
15:44 of 1st period - Shot by Connor Corcoran.
15:44 of 1st period - Stopped by Jake Paterson with a rebound.
15:54 of 1st period - Shot by Axel Andersson.
15:54 of 1st period - Stopped by Jake Paterson without a rebound.
15:55 of 1st period - Jean-Gabriel Pageau wins face-off versus Mathieu Joseph in Heat zone.
16:16 of 1st period - Shot by Mason Shaw.
16:16 of 1st period - Stopped by Jake Paterson without a rebound.
16:17 of 1st period - Thomas Tynan wins face-off versus Mathieu Joseph in Heat zone.
16:22 of 1st period - Shot by Blaine Byron.
16:22 of 1st period - Deflect By Jean-Christophe Beaudin.
16:22 of 1st period - Stopped by Jake Paterson without a rebound.
16:23 of 1st period - Aidan McDonough wins face-off versus Thomas Tynan in Heat zone.
16:23 of 1st period - Aidan McDonough is hit by Blaine Byron.
17:02 of 1st period - Shot by Axel Andersson.
17:02 of 1st period - Stopped by Jake Paterson with a rebound.
17:14 of 1st period - Shot by Austin Strand.
17:14 of 1st period - Goal by Austin Strand - Crunch : 5 - Heat : 1.
17:15 of 1st period - Kyle Criscuolo wins face-off versus Aaron Luchuk in neutral zone.
17:28 of 1st period - Shot by Tarmo Reunanen.
17:28 of 1st period - Stopped by Anthony Stolarz without a rebound.
17:29 of 1st period - Jean-Gabriel Pageau wins face-off versus Jan Jenik in Crunch zone.
17:29 of 1st period - Jean-Gabriel Pageau is hit by Mathieu Joseph.
17:35 of 1st period - Shot by Mathieu Joseph.
17:35 of 1st period - Stopped by Anthony Stolarz without a rebound.
17:36 of 1st period - Mathieu Joseph wins face-off versus Jean-Gabriel Pageau in Crunch zone.
17:43 of 1st period - Shot by Mathieu Joseph.
17:43 of 1st period - Shot Misses the Net.
18:14 of 1st period - Minor Penalty to Jean-Gabriel Pageau for Tripping.
18:15 of 1st period - Garnet Hathaway wins face-off versus Greg McKegg in Crunch zone.
18:25 of 1st period - Off-side.
18:26 of 1st period - Greg McKegg wins face-off versus Garnet Hathaway in neutral zone.
19:05 of 1st period - Shot by Greg McKegg.
19:05 of 1st period - Stopped by Anthony Stolarz with a rebound.
Goals for this period are 5 for Crunch vs 1 for Heat .
Shots for this period are 21 for Crunch vs 10 for Heat .

2nd period


0:01 of 2nd period - Nathan Smith wins face-off versus Garnet Hathaway in neutral zone.
0:04 of 2nd period - Shot by Brinson Pasichnuk.
0:04 of 2nd period - Shot Misses the Net.
0:06 of 2nd period - Shot by Steven Oleksy.
0:06 of 2nd period - Shot Blocked by Austin Strand.
0:23 of 2nd period - Icing by Axel Andersson.
0:24 of 2nd period - Jean-Gabriel Pageau wins face-off versus Nathan Smith in Crunch zone.
0:33 of 2nd period - Shot by Jean-Gabriel Pageau.
0:33 of 2nd period - Shot Misses the Net.
2:25 of 2nd period - Shot by Thomas Tynan.
2:25 of 2nd period - Shot Misses the Net.
2:27 of 2nd period - Shot by Thomas Tynan.
2:27 of 2nd period - Shot Misses the Net.
2:56 of 2nd period - Shot by Patrick Harper.
2:56 of 2nd period - Stopped by Jake Paterson without a rebound.
2:57 of 2nd period - Kyle Criscuolo wins face-off versus Aaron Luchuk in Heat zone.
3:04 of 2nd period - Shot by Tyce Thompson.
3:04 of 2nd period - Shot Misses the Net.
3:06 of 2nd period - Shot by Tyce Thompson.
3:06 of 2nd period - Shot Misses the Net.
3:10 of 2nd period - Shot by Egor Sokolov.
3:10 of 2nd period - Stopped by Anthony Stolarz without a rebound.
3:11 of 2nd period - Nathan Smith wins face-off versus Paul Bittner in Crunch zone.
3:16 of 2nd period - Shot by Brett Leason.
3:16 of 2nd period - Stopped by Anthony Stolarz with a rebound.
3:20 of 2nd period - Shot by Mathieu Joseph.
3:20 of 2nd period - Shot Misses the Net.
3:35 of 2nd period - Shot by Mathieu Joseph.
3:35 of 2nd period - Shot Misses the Net.
3:37 of 2nd period - Shot by Brett Leason.
3:37 of 2nd period - Goal by Brett Leason - Crunch : 5 - Heat : 2.
3:38 of 2nd period - Thomas Tynan wins face-off versus Kyle Criscuolo in neutral zone.
3:53 of 2nd period - Shot by Thomas Tynan.
3:53 of 2nd period - Shot Misses the Net.
3:55 of 2nd period - Shot by Thomas Tynan.
3:55 of 2nd period - Shot Misses the Net.
3:57 of 2nd period - Shot by Thomas Tynan.
3:57 of 2nd period - Goal by Thomas Tynan - Crunch : 6 - Heat : 2.
3:58 of 2nd period - Jean-Gabriel Pageau wins face-off versus Nathan Smith in neutral zone.
4:03 of 2nd period - Shot by Mathieu Joseph.
4:03 of 2nd period - Shot Misses the Net.
4:16 of 2nd period - Nathan Smith is hit by Jean-Gabriel Pageau and loses puck.
4:33 of 2nd period - Shot by Mason Shaw.
4:33 of 2nd period - Stopped by Jake Paterson without a rebound.
4:34 of 2nd period - Tyce Thompson wins face-off versus Thomas Tynan in Heat zone.
4:34 of 2nd period - Tyce Thompson is hit by Jean-Christophe Beaudin.
4:48 of 2nd period - Shot by Jean-Christophe Beaudin.
4:48 of 2nd period - Deflect By Blaine Byron.
4:48 of 2nd period - Stopped by Jake Paterson without a rebound.
4:49 of 2nd period - Greg McKegg wins face-off versus Patrick Harper in Heat zone.
4:49 of 2nd period - Cole Schneider is hit by Patrick Harper and loses puck.
5:16 of 2nd period - Shot by Patrick Harper.
5:16 of 2nd period - Stopped by Jake Paterson without a rebound.
5:17 of 2nd period - Jean-Gabriel Pageau wins face-off versus Mathieu Joseph in Heat zone.
5:27 of 2nd period - Icing by Brett Leason.
5:28 of 2nd period - Thomas Tynan wins face-off versus Nathan Smith in Heat zone.
5:43 of 2nd period - Shot by Thomas Tynan.
5:43 of 2nd period - Shot Blocked by Brinson Pasichnuk.
5:48 of 2nd period - Icing by Mathieu Joseph.
5:49 of 2nd period - Nathan Smith wins face-off versus Jean-Gabriel Pageau in Heat zone.
5:54 of 2nd period - Shot by Brett Leason.
5:54 of 2nd period - Stopped by Anthony Stolarz without a rebound.
5:55 of 2nd period - Greg McKegg wins face-off versus Jean-Gabriel Pageau in Crunch zone.
5:55 of 2nd period - Aidan McDonough is hit by Jaycob Megna and loses puck.
5:58 of 2nd period - Shot by Aidan McDonough.
5:58 of 2nd period - Shot Misses the Net.
6:00 of 2nd period - Shot by Aidan McDonough.
6:00 of 2nd period - Shot Misses the Net.
6:02 of 2nd period - Shot by Greg McKegg.
6:02 of 2nd period - Shot Misses the Net.
6:04 of 2nd period - Shot by Cole Schneider.
6:04 of 2nd period - Stopped by Anthony Stolarz without a rebound.
6:05 of 2nd period - Nathan Smith wins face-off versus Thomas Tynan in Crunch zone.
6:13 of 2nd period - Thomas Tynan is hit by Brett Leason and loses puck.
6:23 of 2nd period - Minor Penalty to Jaycob Megna for Slashing.
6:24 of 2nd period - Greg McKegg wins face-off versus Jean-Gabriel Pageau in Crunch zone.
6:27 of 2nd period - Shot by Jacob Bryson.
6:27 of 2nd period - Shot Blocked by Axel Andersson.
6:29 of 2nd period - Shot by Tarmo Reunanen.
6:29 of 2nd period - Shot Misses the Net.
6:49 of 2nd period - Shot by Greg McKegg.
6:49 of 2nd period - Goal by Greg McKegg - Crunch : 6 - Heat : 3.
6:50 of 2nd period - Patrick Harper wins face-off versus Nathan Smith in neutral zone.
7:21 of 2nd period - Icing by Kody Clark.
7:22 of 2nd period - Kyle Criscuolo wins face-off versus Patrick Harper in Crunch zone.
7:23 of 2nd period - Shot by Egor Sokolov.
7:23 of 2nd period - Shot Blocked by Austin Strand.
7:26 of 2nd period - Icing by Austin Strand.
7:27 of 2nd period - Greg McKegg wins face-off versus Patrick Harper in Crunch zone.
7:33 of 2nd period - Jaycob Megna is hit by Jesper Lindgren and loses puck.
8:09 of 2nd period - Icing by Cole Schneider.
8:10 of 2nd period - Greg McKegg wins face-off versus Thomas Tynan in Heat zone.
8:24 of 2nd period - Icing by Blaine Byron.
8:25 of 2nd period - Thomas Tynan wins face-off versus Nathan Smith in Crunch zone.
9:37 of 2nd period - Shot by Tyce Thompson.
9:37 of 2nd period - Stopped by Anthony Stolarz without a rebound.
9:38 of 2nd period - Patrick Harper wins face-off versus Greg McKegg in Crunch zone.
10:08 of 2nd period - Shot by Kody Clark.
10:08 of 2nd period - Stopped by Jake Paterson without a rebound.
10:09 of 2nd period - Jean-Gabriel Pageau wins face-off versus Kyle Criscuolo in Heat zone.
10:19 of 2nd period - Jean-Gabriel Pageau is hit by Jacob Bryson and loses puck.
10:32 of 2nd period - Shot by Tyce Thompson.
10:32 of 2nd period - Shot Misses the Net.
10:39 of 2nd period - Kyle Criscuolo is hit by Austin Strand and loses puck.
10:44 of 2nd period - Shot by Egor Sokolov.
10:44 of 2nd period - Stopped by Anthony Stolarz without a rebound.
10:45 of 2nd period - Thomas Tynan wins face-off versus Nathan Smith in Crunch zone.
11:08 of 2nd period - Shot by Brinson Pasichnuk.
11:08 of 2nd period - Shot Misses the Net.
11:56 of 2nd period - Shot by Cole Schneider.
11:56 of 2nd period - Stopped by Anthony Stolarz without a rebound.
11:57 of 2nd period - Kyle Criscuolo wins face-off versus Jean-Gabriel Pageau in Crunch zone.
12:04 of 2nd period - Shot by Kyle Criscuolo.
12:04 of 2nd period - Stopped by Anthony Stolarz without a rebound.
12:05 of 2nd period - Jean-Gabriel Pageau wins face-off versus Kyle Criscuolo in Crunch zone.
12:05 of 2nd period - Jean-Gabriel Pageau is hit by Kyle Criscuolo.
12:35 of 2nd period - Tarmo Reunanen is hit by Jean-Gabriel Pageau and loses puck.
12:40 of 2nd period - Shot by Jean-Gabriel Pageau.
12:40 of 2nd period - Stopped by Jake Paterson without a rebound.
12:41 of 2nd period - Patrick Harper wins face-off versus Nathan Smith in Heat zone.
12:41 of 2nd period - Minor Penalty to Steven Oleksy for High sticking.
12:42 of 2nd period - Thomas Tynan wins face-off versus Mathieu Joseph in Heat zone.
12:47 of 2nd period - Shot by Axel Andersson.
12:47 of 2nd period - Stopped by Jake Paterson without a rebound.
12:48 of 2nd period - Thomas Tynan wins face-off versus Mathieu Joseph in Heat zone.
13:24 of 2nd period - Shot by Blaine Byron.
13:24 of 2nd period - Shot Misses the Net.
13:26 of 2nd period - Shot by Jaycob Megna.
13:26 of 2nd period - Goal by Jaycob Megna - Crunch : 7 - Heat : 3.
13:27 of 2nd period - Kyle Criscuolo wins face-off versus Jean-Gabriel Pageau in neutral zone.
13:27 of 2nd period - Kyle Criscuolo is hit by Jean-Gabriel Pageau.
13:40 of 2nd period - Shot by Mike Vecchione.
13:40 of 2nd period - Stopped by Jake Paterson with a rebound.
13:49 of 2nd period - Tyce Thompson is hit by Connor Corcoran and loses puck.
14:58 of 2nd period - Shot by Brett Leason.
14:58 of 2nd period - Shot Blocked by Xavier Bouchard.
15:00 of 2nd period - Shot by Nathan Smith.
15:00 of 2nd period - Stopped by Anthony Stolarz without a rebound.
15:01 of 2nd period - Greg McKegg wins face-off versus Thomas Tynan in Crunch zone.
15:02 of 2nd period - Shot by Aidan McDonough.
15:02 of 2nd period - Stopped by Anthony Stolarz with a rebound.
15:04 of 2nd period - Shot by Greg McKegg.
15:04 of 2nd period - Goal by Greg McKegg - Crunch : 7 - Heat : 4.
15:05 of 2nd period - Thomas Tynan wins face-off versus Greg McKegg in neutral zone.
15:15 of 2nd period - Shot by Jean-Christophe Beaudin.
15:15 of 2nd period - Stopped by Jake Paterson without a rebound.
15:16 of 2nd period - Garnet Hathaway wins face-off versus Nathan Smith in Heat zone.
15:35 of 2nd period - Nathan Smith is hit by Jaycob Megna and loses puck.
15:39 of 2nd period - Minor Penalty to Jaycob Megna for Tripping.
15:40 of 2nd period - Jean-Gabriel Pageau wins face-off versus Cole Schneider in Crunch zone.
15:40 of 2nd period - Jean-Gabriel Pageau is hit by Greg McKegg.
16:17 of 2nd period - Shot by Jacob Bryson.
16:17 of 2nd period - Shot Blocked by Xavier Bouchard.
16:43 of 2nd period - Icing by Steven Oleksy.
16:44 of 2nd period - Jean-Gabriel Pageau wins face-off versus Nathan Smith in Heat zone.
16:49 of 2nd period - Shot by Jean-Gabriel Pageau.
16:49 of 2nd period - Stopped by Jake Paterson without a rebound.
16:50 of 2nd period - Jean-Gabriel Pageau wins face-off versus Brett Leason in Heat zone.
17:01 of 2nd period - Shot by Jean-Gabriel Pageau.
17:01 of 2nd period - Shot Misses the Net.
17:13 of 2nd period - Shot by Nathan Smith.
17:13 of 2nd period - Goal by Nathan Smith - Crunch : 7 - Heat : 5.
17:14 of 2nd period - Kyle Criscuolo wins face-off versus Patrick Harper in neutral zone.
17:20 of 2nd period - Jordan Subban is hit by Jaycob Megna and loses puck.
17:21 of 2nd period - Minor Penalty to Jaycob Megna for High sticking.
17:22 of 2nd period - Jean-Gabriel Pageau wins face-off versus Greg McKegg in Crunch zone.
18:06 of 2nd period - Icing by Brinson Pasichnuk.
18:07 of 2nd period - Greg McKegg wins face-off versus Jean-Gabriel Pageau in Heat zone.
18:07 of 2nd period - Greg McKegg is hit by Jean-Gabriel Pageau.
18:31 of 2nd period - Shot by Brett Leason.
18:31 of 2nd period - Shot Misses the Net.
19:17 of 2nd period - Icing by Tarmo Reunanen.
19:18 of 2nd period - Nathan Smith wins face-off versus Jean-Gabriel Pageau in Heat zone.
19:42 of 2nd period - Shot by Patrick Harper.
19:42 of 2nd period - Stopped by Jake Paterson without a rebound.
19:43 of 2nd period - Jean-Gabriel Pageau wins face-off versus Greg McKegg in Heat zone.
19:54 of 2nd period - Shot by Mason Shaw.
19:54 of 2nd period - Shot Misses the Net.
19:56 of 2nd period - Shot by Connor Corcoran.
19:56 of 2nd period - Stopped by Jake Paterson without a rebound.
19:57 of 2nd period - Kyle Criscuolo wins face-off versus Patrick Harper in Heat zone.
19:57 of 2nd period - Kyle Criscuolo is hit by Paul Bittner.
Goals for this period are 2 for Crunch vs 4 for Heat .
Shots for this period are 14 for Crunch vs 14 for Heat .

3rd period


0:01 of 3rd period - Nathan Smith wins face-off versus Jean-Gabriel Pageau in neutral zone.
0:18 of 3rd period - Brinson Pasichnuk is hit by Jean-Gabriel Pageau and loses puck.
0:25 of 3rd period - Shot by Brett Leason.
0:25 of 3rd period - Stopped by Anthony Stolarz without a rebound.
0:26 of 3rd period - Greg McKegg wins face-off versus Thomas Tynan in Crunch zone.
0:35 of 3rd period - Thomas Tynan is hit by Aidan McDonough and loses puck.
1:13 of 3rd period - Icing by Greg McKegg.
1:14 of 3rd period - Jean-Gabriel Pageau wins face-off versus Greg McKegg in Heat zone.
1:21 of 3rd period - Shot by Mason Shaw.
1:21 of 3rd period - Shot Misses the Net.
1:23 of 3rd period - Shot by Mason Shaw.
1:23 of 3rd period - Shot Blocked by Tarmo Reunanen.
1:25 of 3rd period - Shot by Austin Strand.
1:25 of 3rd period - Shot Blocked by Tarmo Reunanen.
1:27 of 3rd period - Shot by Mason Shaw.
1:27 of 3rd period - Stopped by Jake Paterson without a rebound.
1:28 of 3rd period - Nathan Smith wins face-off versus Patrick Harper in Heat zone.
1:45 of 3rd period - Shot by Nathan Smith.
1:45 of 3rd period - Shot Misses the Net.
1:47 of 3rd period - Shot by Brett Leason.
1:47 of 3rd period - Shot Misses the Net.
1:49 of 3rd period - Shot by Brett Leason.
1:49 of 3rd period - Stopped by Anthony Stolarz without a rebound.
1:50 of 3rd period - Jean-Gabriel Pageau wins face-off versus Kyle Criscuolo in Crunch zone.
1:50 of 3rd period - Jean-Gabriel Pageau is hit by Egor Sokolov.
1:53 of 3rd period - Icing by Austin Strand.
1:54 of 3rd period - Jean-Gabriel Pageau wins face-off versus Jan Jenik in Crunch zone.
2:18 of 3rd period - Mike Vecchione is hit by Jesper Lindgren and loses puck.
2:44 of 3rd period - Icing by Jesper Lindgren.
2:45 of 3rd period - Thomas Tynan wins face-off versus Mathieu Joseph in Heat zone.
3:14 of 3rd period - Shot by Cole Schneider.
3:14 of 3rd period - Stopped by Anthony Stolarz without a rebound.
3:15 of 3rd period - Tyce Thompson wins face-off versus Patrick Harper in Crunch zone.
3:20 of 3rd period - Shot by Kyle Criscuolo.
3:20 of 3rd period - Stopped by Anthony Stolarz with a rebound.
3:30 of 3rd period - Shot by Patrick Harper.
3:30 of 3rd period - Stopped by Jake Paterson without a rebound.
3:31 of 3rd period - Greg McKegg wins face-off versus Aaron Luchuk in Heat zone.
3:44 of 3rd period - Shot by Aaron Luchuk.
3:44 of 3rd period - Goal by Aaron Luchuk - Crunch : 8 - Heat : 5.
3:45 of 3rd period - Kyle Criscuolo wins face-off versus Thomas Tynan in neutral zone.
3:54 of 3rd period - Shot by Axel Andersson.
3:54 of 3rd period - Shot Misses the Net.
4:12 of 3rd period - Shot by Tyce Thompson.
4:12 of 3rd period - Goal by Tyce Thompson - Crunch : 8 - Heat : 6.
4:13 of 3rd period - Jean-Gabriel Pageau wins face-off versus Nathan Smith in neutral zone.
4:21 of 3rd period - Shot by Nathan Smith.
4:21 of 3rd period - Stopped by Anthony Stolarz without a rebound.
4:22 of 3rd period - Jean-Gabriel Pageau wins face-off versus Nathan Smith in Crunch zone.
4:22 of 3rd period - Jean-Gabriel Pageau is hit by Nathan Smith.
4:44 of 3rd period - Shot by Jean-Gabriel Pageau.
4:44 of 3rd period - Stopped by Jake Paterson without a rebound.
4:45 of 3rd period - Thomas Tynan wins face-off versus Cole Schneider in Heat zone.
5:26 of 3rd period - Shot by Cole Schneider.
5:26 of 3rd period - Shot Misses the Net.
5:33 of 3rd period - Icing by Connor Corcoran.
5:34 of 3rd period - Thomas Tynan wins face-off versus Nathan Smith in Crunch zone.
6:35 of 3rd period - Shot by Egor Sokolov.
6:35 of 3rd period - Stopped by Anthony Stolarz without a rebound.
6:36 of 3rd period - Greg McKegg wins face-off versus Patrick Harper in Crunch zone.
6:55 of 3rd period - Shot by Cole Schneider.
6:55 of 3rd period - Shot Misses the Net.
6:57 of 3rd period - Shot by Cole Schneider.
6:57 of 3rd period - Deflect By Greg McKegg.
6:57 of 3rd period - Stopped by Anthony Stolarz without a rebound.
6:58 of 3rd period - Kyle Criscuolo wins face-off versus Thomas Tynan in Crunch zone.
7:15 of 3rd period - Shot by Egor Sokolov.
7:15 of 3rd period - Stopped by Anthony Stolarz without a rebound.
7:16 of 3rd period - Patrick Harper wins face-off versus Nathan Smith in Crunch zone.
7:25 of 3rd period - Shot by Brett Leason.
7:25 of 3rd period - Deflect By Mathieu Joseph.
7:25 of 3rd period - Stopped by Anthony Stolarz with a rebound.
7:39 of 3rd period - Shot by Mathieu Joseph.
7:39 of 3rd period - Deflect By Brett Leason.
7:39 of 3rd period - Shot Misses the Net.
8:30 of 3rd period - Shot by Aidan McDonough.
8:30 of 3rd period - Stopped by Anthony Stolarz without a rebound.
8:31 of 3rd period - Kyle Criscuolo wins face-off versus Jean-Gabriel Pageau in Crunch zone.
9:19 of 3rd period - Icing by Jordan Subban.
9:20 of 3rd period - Thomas Tynan wins face-off versus Kyle Criscuolo in Heat zone.
11:07 of 3rd period - Shot by Patrick Harper.
11:07 of 3rd period - Deflect By Kody Clark.
11:07 of 3rd period - Stopped by Jake Paterson without a rebound.
11:08 of 3rd period - Mason Shaw wins face-off versus Kyle Criscuolo in Heat zone.
11:14 of 3rd period - Icing by Kyle Criscuolo.
11:15 of 3rd period - Thomas Tynan wins face-off versus Kyle Criscuolo in Heat zone.
11:36 of 3rd period - Shot by Tyce Thompson.
11:36 of 3rd period - Shot Misses the Net.
11:38 of 3rd period - Shot by Tarmo Reunanen.
11:38 of 3rd period - Stopped by Anthony Stolarz without a rebound.
11:39 of 3rd period - Jean-Gabriel Pageau wins face-off versus Greg McKegg in Crunch zone.
11:39 of 3rd period - Mason Shaw is hit by Greg McKegg and loses puck.
12:00 of 3rd period - Shot by Jean-Gabriel Pageau.
12:00 of 3rd period - Stopped by Jake Paterson without a rebound.
12:01 of 3rd period - Thomas Tynan wins face-off versus Nathan Smith in Heat zone.
12:18 of 3rd period - Off-side.
12:19 of 3rd period - Greg McKegg wins face-off versus Jean-Gabriel Pageau in neutral zone.
12:47 of 3rd period - Icing by Tarmo Reunanen.
12:48 of 3rd period - Greg McKegg wins face-off versus Thomas Tynan in Heat zone.
12:57 of 3rd period - Shot by Jean-Christophe Beaudin.
12:57 of 3rd period - Stopped by Jake Paterson without a rebound.
12:58 of 3rd period - Kody Clark wins face-off versus Nathan Smith in Heat zone.
13:26 of 3rd period - Paul Bittner is hit by Steven Oleksy and loses puck.
13:29 of 3rd period - Shot by Jaycob Megna.
13:29 of 3rd period - Stopped by Jake Paterson without a rebound.
13:30 of 3rd period - Greg McKegg wins face-off versus Jean-Gabriel Pageau in Heat zone.
13:32 of 3rd period - Icing by Jesper Lindgren.
13:33 of 3rd period - Jean-Gabriel Pageau wins face-off versus Greg McKegg in Heat zone.
13:50 of 3rd period - Shot by Aidan McDonough.
13:50 of 3rd period - Shot Misses the Net.
14:12 of 3rd period - Shot by Aidan McDonough.
14:12 of 3rd period - Shot Misses the Net.
14:29 of 3rd period - Shot by Mathieu Joseph.
14:29 of 3rd period - Shot Blocked by Mason Shaw.
14:31 of 3rd period - Shot by Brinson Pasichnuk.
14:31 of 3rd period - Stopped by Anthony Stolarz without a rebound.
14:32 of 3rd period - Thomas Tynan wins face-off versus Kyle Criscuolo in Crunch zone.
14:32 of 3rd period - Blaine Byron is hit by Egor Sokolov and loses puck.
14:45 of 3rd period - Shot by Kyle Criscuolo.
14:45 of 3rd period - Stopped by Anthony Stolarz without a rebound.
14:46 of 3rd period - Nathan Smith wins face-off versus Patrick Harper in Crunch zone.
14:46 of 3rd period - Brett Leason is hit by Xavier Bouchard and loses puck.
14:54 of 3rd period - Mathieu Joseph is hit by Xavier Bouchard and loses puck.
15:00 of 3rd period - Mathieu Joseph is hit by Mikko Kokkonen and loses puck.
15:11 of 3rd period - Shot by Brett Leason.
15:11 of 3rd period - Stopped by Anthony Stolarz without a rebound.
15:12 of 3rd period - Greg McKegg wins face-off versus Thomas Tynan in Crunch zone.
15:15 of 3rd period - Shot by Cole Schneider.
15:15 of 3rd period - Shot Blocked by Austin Strand.
15:17 of 3rd period - Shot by Jacob Bryson.
15:17 of 3rd period - Stopped by Anthony Stolarz without a rebound.
15:18 of 3rd period - Greg McKegg wins face-off versus Jean-Christophe Beaudin in Crunch zone.
16:08 of 3rd period - Aidan McDonough is hit by Connor Corcoran and loses puck.
16:20 of 3rd period - Jean-Gabriel Pageau is hit by Nathan Smith and loses puck.
16:38 of 3rd period - Axel Andersson is hit by Steven Oleksy and loses puck.
16:51 of 3rd period - Shot by Nathan Smith.
16:51 of 3rd period - Shot Misses the Net.
16:53 of 3rd period - Shot by Brinson Pasichnuk.
16:53 of 3rd period - Shot Misses the Net.
16:55 of 3rd period - Shot by Nathan Smith.
16:55 of 3rd period - Stopped by Anthony Stolarz with a rebound.
17:33 of 3rd period - Shot by Kyle Criscuolo.
17:33 of 3rd period - Shot Misses the Net.
18:47 of 3rd period - Icing by Mikko Kokkonen.
18:48 of 3rd period - Patrick Harper wins face-off versus Nathan Smith in Crunch zone.
19:06 of 3rd period - Shot by Mathieu Joseph.
19:06 of 3rd period - Stopped by Anthony Stolarz without a rebound.
19:07 of 3rd period - Artur Kayumov wins face-off versus Thomas Tynan in Crunch zone.
19:07 of 3rd period - Steven Oleksy is hit by Jaycob Megna and loses puck.
19:22 of 3rd period - Shot by Mathieu Joseph.
19:22 of 3rd period - Stopped by Anthony Stolarz without a rebound.
19:23 of 3rd period - Greg McKegg wins face-off versus Aaron Luchuk in Crunch zone.
19:27 of 3rd period - Icing by Jaycob Megna.
19:28 of 3rd period - Greg McKegg wins face-off versus Aaron Luchuk in Crunch zone.
19:28 of 3rd period - Tarmo Reunanen is hit by Jaycob Megna and loses puck.
19:51 of 3rd period - Shot by Aidan McDonough.
19:51 of 3rd period - Stopped by Anthony Stolarz with a rebound.
19:53 of 3rd period - Shot by Jacob Bryson.
19:53 of 3rd period - Shot Blocked by Jaycob Megna.
19:58 of 3rd period - Icing by Jaycob Megna.
19:59 of 3rd period - Nathan Smith wins face-off versus Aaron Luchuk in Crunch zone.
Goals for this period are 1 for Crunch vs 1 for Heat .
Shots for this period are 8 for Crunch vs 20 for Heat .